2943 views
Uploaded 2019-12-06 20:56:22
Game version 1.32.0.3 / 1.32.0.3.1
15:49 long 2on2 ladder game on (4)Avalanche_LV
Saved by BEARAND
2943 views
Uploaded 2019-12-06 20:56:22
Game version 1.32.0.3 / 1.32.0.3.1
15:49 long 2on2 ladder game on (4)Avalanche_LV


41 units @ 3.3k
/ 0k
105 buildings @ 5.4k
/ 2.8k



| Scroll of Regeneration | 3 | 300 |
| Staff of Sanctuary | 3 | 750 |
| Orb of Fire | 1 | 325 |
| Boots of Speed | 2 | 500 |
| Staff of Teleportation | 2 | 300 |
| total: | 11 | 2175g |
| Peasant | 23 | 1725 | / | 0 |
| Priest | 2 | 270 | / | 20 |
| total: | 25 | 1995g | / | 20w |
| Scout Tower | 29 | 870 | / | 580 |
| Arcane Tower | 3 | 210 | / | 150 |
| Guard Tower | 14 | 980 | / | 700 |
| Altar of Kings | 1 | 180 | / | 50 |
| Farm | 4 | 320 | / | 80 |
| Lumber Mill | 1 | 120 | / | 0 |
| Arcane Vault | 3 | 390 | / | 90 |
| Town Hall | 1 | 385 | / | 205 |
| Arcane Sanctum | 1 | 150 | / | 140 |
| Keep | 1 | 320 | / | 210 |
| Castle | 1 | 360 | / | 210 |
| total: | 40 | 2415g | / | 1145w |
| 0:01 | Peasant |
| 0:05 | Altar of Kings |
| 0:09 | Peasant |
| 0:19 | Peasant |
| 0:21 | Farm |
| 0:30 | Peasant |
| 0:36 | Peasant |
| 0:49 | Lumber Mill |
| 0:55 | Peasant |
| 1:12 | Peasant |
| 1:20 | Peasant |
| 1:27 | Scout Tower |
| 1:37 | Peasant |
| 1:43 | Scout Tower |
| 1:45 | Farm |
| 1:47 | Peasant |
| 1:52 | Blizzard |
| 1:57 | Arcane Tower |
| 1:58 | Scout Tower |
| 2:31 | Arcane Tower |
| 2:36 | Peasant |
| 2:36 | Guard Tower |
| 2:45 | Scout Tower |
| 3:15 | Peasant |
| 3:15 | Peasant |
| 3:34 | Guard Tower |
| 3:35 | Scout Tower |
| 3:35 | Scout Tower |
| 3:41 | Arcane Vault |
| 3:43 | Peasant |
| 3:49 | Improved Masonry |
| 4:14 | Keep |
| 4:32 | Scout Tower |
| 4:35 | Brilliance Aura |
| 4:56 | Scout Tower |
| 5:04 | Boots of Speed |
| 5:05 | Staff of Teleportation |
| 5:44 | Scout Tower |
| 5:44 | Guard Tower |
| 6:32 | Scout Tower |
| 6:32 | Guard Tower |
| 7:03 | Farm |
| 7:04 | Guard Tower |
| 7:06 | Advanced Masonry |
| 7:06 | Improved Lumber Harvesting |
| 7:07 | Arcane Sanctum |
| 7:25 | Castle |
| 8:03 | Guard Tower |
| 8:04 | Scout Tower |
| 8:05 | Scout Tower |
| 8:06 | Scout Tower |
| 8:07 | Scout Tower |
| 8:16 | Scout Tower |
| 8:23 | Magic Sentry |
| 8:32 | Priest |
| 8:33 | Priest Adept Training |
| 8:37 | Arcane Vault |
| 8:39 | Arcane Vault |
| 8:54 | Scroll of Regeneration |
| 9:01 | Arcane Tower |
| 9:03 | Guard Tower |
| 9:04 | Guard Tower |
| 9:08 | Storm Bolt |
| 9:53 | Guard Tower |
| 9:54 | Scout Tower |
| 9:55 | Scout Tower |
| 10:02 | Farm |
| 10:04 | Imbued Masonry |
| 10:20 | Blizzard |
| 10:35 | Town Hall |
| 10:39 | Peasant |
| 10:43 | Scroll of Regeneration |
| 10:47 | Staff of Sanctuary |
| 10:49 | Bash |
| 10:57 | Staff of Sanctuary |
| 11:05 | Scout Tower |
| 11:07 | Guard Tower |
| 11:39 | Guard Tower |
| 11:48 | Staff of Teleportation |
| 12:11 | Boots of Speed |
| 12:44 | Peasant |
| 12:44 | Peasant |
| 12:44 | Peasant |
| 13:05 | Peasant |
| 13:09 | Scout Tower |
| 13:10 | Scout Tower |
| 13:10 | Scout Tower |
| 13:11 | Scout Tower |
| 13:15 | Peasant |
| 13:20 | Scroll of Regeneration |
| 13:36 | Guard Tower |
| 13:47 | Peasant |
| 14:14 | Guard Tower |
| 14:15 | Scout Tower |
| 14:15 | Scout Tower |
| 14:29 | Holy Light |
| 14:50 | Scout Tower |
| 14:51 | Scout Tower |
| 14:56 | Priest Master Training |
| 14:57 | Priest |
| 15:11 | Orb of Fire |
| 15:12 | Staff of Sanctuary |
| 15:15 | Peasant |
| 15:15 | Peasant |
| 15:26 | Scout Tower |
| 15:26 | Scout Tower |
| 15:27 | Scout Tower |
| 15:38 | Guard Tower |
| Right click | 893 |
| Assign group | 473 |
| Select group | 359 |
| Select | 211 |
| Build/train/purchase | 100 |
| Use ability | 56 |
| Misc. action | 26 |
| Chat | 16 |
| Item give/drop | 3 |



x1)
| Staff of Sanctuary | 2 | 500 |
| Dust of Appearance | 1 | 75 |
| Boots of Speed | 3 | 750 |
| Staff of Teleportation | 3 | 450 |
| Tome of Retraining | 1 | 300 |
| total: | 10 | 2075g |
| Peasant | 15 | 1125 | / | 0 |
| Priest | 1 | 135 | / | 10 |
| total: | 16 | 1260g | / | 10w |
| Scout Tower | 51 | 1530 | / | 1020 |
| Arcane Tower | 1 | 70 | / | 50 |
| Guard Tower | 25 | 1750 | / | 1250 |
| Altar of Kings | 1 | 180 | / | 50 |
| Farm | 8 | 640 | / | 160 |
| Lumber Mill | 1 | 120 | / | 0 |
| Arcane Vault | 1 | 130 | / | 30 |
| Blacksmith | 1 | 140 | / | 60 |
| Arcane Sanctum | 1 | 150 | / | 140 |
| Gryphon Aviary | 1 | 140 | / | 150 |
| Keep | 1 | 320 | / | 210 |
| Castle | 2 | 720 | / | 420 |
| total: | 65 | 3030g | / | 1610w |
| 0:01 | Peasant |
| 0:01 | Peasant |
| 0:10 | Altar of Kings |
| 0:17 | Farm |
| 0:22 | Peasant |
| 0:33 | Peasant |
| 0:37 | Farm |
| 0:51 | Lumber Mill |
| 0:54 | Peasant |
| 0:55 | Scout Tower |
| 1:05 | Peasant |
| 1:17 | Peasant |
| 1:23 | Peasant |
| 1:28 | Scout Tower |
| 1:35 | Peasant |
| 1:41 | Arcane Tower |
| 1:44 | Scout Tower |
| 1:47 | Peasant |
| 2:03 | Guard Tower |
| 2:14 | Summon Water Elemental |
| 2:21 | Scout Tower |
| 2:22 | Scout Tower |
| 2:44 | Peasant |
| 2:45 | Peasant |
| 2:45 | Peasant |
| 2:46 | Guard Tower |
| 2:56 | Peasant |
| 2:56 | Guard Tower |
| 3:18 | Guard Tower |
| 3:19 | Scout Tower |
| 3:19 | Scout Tower |
| 3:19 | Scout Tower |
| 3:20 | Scout Tower |
| 3:20 | Scout Tower |
| 3:20 | Scout Tower |
| 3:21 | Peasant |
| 3:49 | Keep |
| 3:50 | Guard Tower |
| 4:03 | Boots of Speed |
| 4:10 | Staff of Teleportation |
| 4:15 | Guard Tower |
| 4:16 | Scout Tower |
| 4:16 | Scout Tower |
| 4:46 | Guard Tower |
| 4:56 | Scout Tower |
| 4:57 | Scout Tower |
| 5:01 | Improved Masonry |
| 5:15 | Scout Tower |
| 5:29 | Guard Tower |
| 5:53 | Guard Tower |
| 5:55 | Scout Tower |
| 5:55 | Scout Tower |
| 5:55 | Scout Tower |
| 5:57 | Dust of Appearance |
| 6:05 | Farm |
| 6:06 | Farm |
| 6:07 | Guard Tower |
| 6:13 | Scout Tower |
| 6:22 | Guard Tower |
| 6:24 | Scout Tower |
| 6:36 | Brilliance Aura |
| 7:20 | Guard Tower |
| 7:21 | Scout Tower |
| 7:22 | Scout Tower |
| 7:22 | Scout Tower |
| 7:22 | Scout Tower |
| 7:34 | Arcane Sanctum |
| 7:40 | Advanced Masonry |
| 7:49 | Guard Tower |
| 7:58 | Storm Bolt |
| 8:23 | Castle |
| 8:37 | Staff of Teleportation |
| 8:57 | Magic Sentry |
| 8:57 | Priest |
| 9:08 | Guard Tower |
| 9:12 | Scout Tower |
| 9:13 | Scout Tower |
| 9:13 | Scout Tower |
| 9:14 | Scout Tower |
| 9:15 | Scout Tower |
| 9:15 | Scout Tower |
| 9:27 | Boots of Speed |
| 9:34 | Farm |
| 9:36 | Farm |
| 9:37 | Farm |
| 9:37 | Farm |
| 9:56 | Guard Tower |
| 9:57 | Scout Tower |
| 9:58 | Scout Tower |
| 9:58 | Scout Tower |
| 10:25 | Bash |
| 10:43 | Improved Lumber Harvesting |
| 10:48 | Priest Adept Training |
| 10:55 | Arcane Vault |
| 11:00 | Guard Tower |
| 11:16 | Imbued Masonry |
| 11:58 | Holy Light |
| 12:05 | Staff of Sanctuary |
| 12:11 | Staff of Teleportation |
| 12:14 | Boots of Speed |
| 12:41 | Guard Tower |
| 12:46 | Scout Tower |
| 12:47 | Scout Tower |
| 12:47 | Scout Tower |
| 12:47 | Scout Tower |
| 12:49 | Scout Tower |
| 12:49 | Scout Tower |
| 12:50 | Scout Tower |
| 12:51 | Scout Tower |
| 12:51 | Scout Tower |
| 12:53 | Scout Tower |
| 12:53 | Scout Tower |
| 12:54 | Scout Tower |
| 12:54 | Scout Tower |
| 13:15 | Summon Water Elemental |
| 13:24 | Guard Tower |
| 13:58 | Guard Tower |
| 14:03 | Gryphon Aviary |
| 14:05 | Blacksmith |
| 14:22 | Tome of Retraining |
| 14:22 | Retrain Hero |
| 14:23 | Blizzard |
| 14:23 | Brilliance Aura |
| 14:23 | Blizzard |
| 14:26 | Staff of Sanctuary |
| 14:30 | Guard Tower |
| 14:49 | Guard Tower |
| 14:51 | Scout Tower |
| 14:52 | Scout Tower |
| 14:52 | Scout Tower |
| 14:53 | Scout Tower |
| Right click | 1640 |
| Select | 386 |
| Select group | 209 |
| Build/train/purchase | 125 |
| Use ability | 25 |
| Assign group | 24 |
| Misc. action | 14 |
| Chat | 7 |
| Item give/drop | 5 |
| Remove unit | 1 |
65 units @ 7.6k
/ 0.6k
32 buildings @ 4.4k
/ 1.9k


| Orb of Venom | 1 | 325 |
| Staff of Preservation | 1 | 150 |
| Potion of Lesser Invulnerability | 1 | 150 |
| total: | 3 | 625g |
| Wisp | 14 | 840 | / | 0 |
| Archer | 7 | 910 | / | 70 |
| Faerie Dragon | 1 | 155 | / | 25 |
| Glaive Thrower | 3 | 630 | / | 195 |
| Chimaera | 2 | 660 | / | 140 |
| total: | 27 | 3195g | / | 430w |
| Altar of Elders | 1 | 180 | / | 50 |
| Moon Well | 7 | 1260 | / | 280 |
| Ancient of War | 1 | 150 | / | 60 |
| Ancient of Wonders | 1 | 90 | / | 30 |
| Hunter's Hall | 1 | 210 | / | 100 |
| Tree of Life | 1 | 340 | / | 185 |
| Ancient of Wind | 1 | 150 | / | 140 |
| Ancient of Lore | 1 | 155 | / | 145 |
| Chimaera Roost | 2 | 280 | / | 380 |
| Tree of Ages | 1 | 320 | / | 180 |
| Tree of Eternity | 1 | 330 | / | 200 |
| total: | 16 | 2815g | / | 1370w |
| 0:02 | Wisp |
| 0:02 | Wisp |
| 0:06 | Altar of Elders |
| 0:20 | Moon Well |
| 0:25 | Wisp |
| 0:36 | Ancient of War |
| 0:46 | Wisp |
| 1:00 | Wisp |
| 1:15 | Moon Well |
| 1:19 | Wisp |
| 1:37 | Archer |
| 1:41 | Wisp |
| 1:51 | Archer |
| 2:05 | Archer |
| 2:13 | Wisp |
| 2:19 | Fan of Knives |
| 2:26 | Wisp |
| 2:38 | Archer |
| 2:50 | Moon Well |
| 2:55 | Moon Well |
| 2:59 | Archer |
| 3:16 | Shadow Strike |
| 3:51 | Archer |
| 3:52 | Tree of Ages |
| 4:04 | Archer |
| 4:11 | Ancient of Wonders |
| 5:53 | Hunter's Hall |
| 7:27 | Tree of Eternity |
| 7:34 | Ancient of Wind |
| 8:03 | Moon Well |
| 8:19 | Strength of the Wild |
| 8:48 | Faerie Dragon |
| 8:54 | Glaive Thrower |
| 8:54 | Glaive Thrower |
| 9:01 | Moon Well |
| 9:04 | Trueshot Aura |
| 9:23 | Potion of Lesser Invulnerability |
| 9:27 | Blink |
| 9:59 | Chimaera Roost |
| 10:02 | Chimaera Roost |
| 10:36 | Reinforced Hides |
| 10:58 | Glaive Thrower |
| 11:06 | Wisp |
| 11:06 | Wisp |
| 11:25 | Tree of Life |
| 11:28 | Chimaera |
| 11:34 | Wisp |
| 11:45 | Searing Arrows |
| 12:13 | Orb of Venom |
| 12:18 | Staff of Preservation |
| 13:00 | Corrosive Breath |
| 13:18 | Improved Strength of the Wild |
| 13:25 | Ancient of Lore |
| 13:27 | Wisp |
| 13:27 | Wisp |
| 13:29 | Moon Well |
| 14:52 | Chimaera |
| Right click | 513 |
| Select | 229 |
| Select group | 119 |
| Build/train/purchase | 60 |
| Misc. action | 37 |
| Assign group | 20 |
| Minimap ping | 20 |
| Use ability | 15 |
| Item give/drop | 4 |


| Boots of Speed | 1 | 250 |
| Circlet of Nobility | 1 | 175 |
| total: | 2 | 425g |
| Peasant | 18 | 1350 | / | 0 |
| Footman | 13 | 1755 | / | 0 |
| Rifleman | 5 | 1025 | / | 150 |
| Priest | 2 | 270 | / | 20 |
| total: | 38 | 4400g | / | 170w |
| Scout Tower | 2 | 60 | / | 40 |
| Guard Tower | 7 | 490 | / | 350 |
| Altar of Kings | 1 | 180 | / | 50 |
| Barracks | 1 | 160 | / | 60 |
| Farm | 8 | 640 | / | 160 |
| Lumber Mill | 1 | 120 | / | 0 |
| Blacksmith | 1 | 140 | / | 60 |
| Arcane Vault | 1 | 130 | / | 30 |
| Arcane Sanctum | 1 | 150 | / | 140 |
| Keep | 3 | 960 | / | 630 |
| Castle | 3 | 1080 | / | 630 |
| total: | 16 | 1580g | / | 540w |
| 0:03 | Peasant |
| 0:13 | Altar of Kings |
| 0:14 | Barracks |
| 0:15 | Farm |
| 0:18 | Peasant |
| 0:18 | Peasant |
| 0:18 | Peasant |
| 0:33 | Peasant |
| 0:33 | Peasant |
| 0:33 | Peasant |
| 0:48 | Peasant |
| 0:53 | Farm |
| 1:02 | Peasant |
| 1:02 | Peasant |
| 1:02 | Peasant |
| 1:06 | Peasant |
| 1:06 | Peasant |
| 1:14 | Peasant |
| 1:27 | Footman |
| 1:28 | Footman |
| 1:28 | Footman |
| 1:39 | Peasant |
| 1:48 | Footman |
| 1:48 | Footman |
| 1:49 | Footman |
| 1:49 | Footman |
| 2:11 | Farm |
| 2:17 | Lumber Mill |
| 2:20 | Summon Water Elemental |
| 2:28 | Footman |
| 2:56 | Blacksmith |
| 3:31 | Footman |
| 3:35 | Keep |
| 3:51 | Footman |
| 3:59 | Arcane Vault |
| 4:49 | Scout Tower |
| 5:08 | Farm |
| 5:09 | Farm |
| 5:20 | Guard Tower |
| 5:20 | Guard Tower |
| 5:38 | Footman |
| 5:38 | Footman |
| 5:39 | Rifleman |
| 6:13 | Castle |
| 6:16 | Iron Plating |
| 6:16 | Steel Plating |
| 6:17 | Improved Lumber Harvesting |
| 6:18 | Advanced Lumber Harvesting |
| 6:23 | Farm |
| 7:56 | Rifleman |
| 7:56 | Long Rifles |
| 8:02 | Arcane Sanctum |
| 8:16 | Brilliance Aura |
| 8:29 | Footman |
| 8:30 | Rifleman |
| 8:35 | Scout Tower |
| 8:53 | Iron Forged Swords |
| 8:54 | Black Gunpowder |
| 8:54 | Refined Gunpowder |
| 9:32 | Boots of Speed |
| 9:33 | Circlet of Nobility |
| 9:48 | Storm Bolt |
| 9:57 | Farm |
| 9:57 | Farm |
| 10:22 | Guard Tower |
| 11:09 | Rifleman |
| 11:09 | Rifleman |
| 11:13 | Priest |
| 11:13 | Priest |
| 11:17 | Bash |
| 11:19 | Summon Water Elemental |
| 13:13 | Peasant |
| 13:13 | Peasant |
| 13:13 | Peasant |
| Right click | 936 |
| Select group | 277 |
| Select | 254 |
| Misc. action | 106 |
| Assign group | 98 |
| Build/train/purchase | 80 |
| Minimap ping | 8 |
| Use ability | 1 |
โ